 Dungeon Crawl Stone Soup version 0.31-a0-844-gdc52ec4e09 (webtiles) character file.

Game seed: 158503904732737397

272 Kurtz the Chopper (level 6, -3/42 HPs)
             Began as an Octopode Fighter on Sept 29, 2023.
             Slain by a gnoll
             ... wielding a +0 spear
              (7 damage)
             ... on level 3 of the Dungeon.
             The game lasted 00:01:32 (2355 turns).

Kurtz the Chopper (Octopode Fighter)                Turns: 2355, Time: 00:01:32

Health: -3/42      AC:  1    Str: 16    XL:     6   Next: 23%
Magic:  6/6        EV: 13    Int: 10    God:
Gold:   120        SH:  4    Dex: 13    Spells: 5/5 levels left

rFire   . . .        i - +1 morningstar (pain)
rCold   . . .        b - +0 buckler
rNeg    . . .        (helmet restricted)
rPois   .            (no amulet)
rElec   .            (no ring)
rCorr   .            (no ring)
SInv    .            (no ring)
Will    .....        (no ring)
Stlth   ++           (no ring)
HPRegen 0.27/turn    (no ring)
MPRegen 0.10/turn    (no ring)
                     (no ring)

%: no passive effects
@: mighty
A: almost no armour, amphibious, 8 rings, camouflage 1, gelatinous body 1,
(nimble swimmer 1), tentacles
a: no special abilities


You were on level 3 of the Dungeon.
You visited 1 branch of the dungeon, and saw 3 of its levels.

You collected 120 gold pieces.

Inventory:

Hand Weapons
 a - a +0 war axe
 i - a +1 morningstar of pain (weapon)
Missiles
 m - 4 boomerangs
Armour
 b - a +0 buckler (worn)
Jewellery
 e - a ring of ice
Wands
 n - a wand of digging (4)
Scrolls
 f - 2 scrolls of teleportation {unknown}
 g - 2 scrolls of blinking {unknown}
 j - a scroll of immolation {unknown}
 k - a scroll of poison {unknown}
 l - a scroll of identify {unknown}
Potions
 d - 3 potions of curing {unknown}
 h - a potion of haste {unknown}
 o - a potion of heal wounds {unknown}
 p - a potion of invisibility {unknown}


   Skills:
 - Level 3.0 Fighting
 * Level 6.4 Axes
 - Level 3.0 Dodging
 - Level 3.0 Shields


You had 5 spell levels left.
You didn't know any spells.
Your spell library contained the following spells:

 Spells                   Type           Power      Damage    Failure   Level
 Summon Small Mammal      Summ           0%         N/A       43%         1
 Call Canine Familiar     Summ           0%         N/A       82%         3
 Stone Arrow              Conj/Erth      0%         3d7       82%         3
 Summon Guardian Golem    Hex/Summ       0%         N/A       82%         3
 Lehudib's Crystal Spear  Conj/Erth      0%         10d2      100%        8
 Animate Armour           Summ/Erth      Unusable   N/A       N/A         4

Dungeon Overview and Level Annotations

Branches:
Dungeon (3/15)

Altars:

Annotations:
D:3 1 runed translucent door, exclusion: door, randomguy2701's ghost, weakling GnWn


Innate Abilities, Weirdness & Mutations

You cannot wear most types of armour.
You are amphibious.
You can wear up to eight rings at the same time.
Your skin changes colour to match your surroundings (Stealth+).
Your rubbery body absorbs attacks. (AC +1, EV +1)
((You are camouflaged when in or above water. (Stealth+)))
You have tentacles for arms and can constrict up to eight enemies at once.


Message History

A gnoll is nearby!
A gnoll comes into view. It is wielding a +0 halberd.
An orc comes into view. It is wielding a +0 club.
The gnoll shouts!
You hear a shout!
An orc comes into view. It is wielding a +0 dagger.
The orc shouts! x2; You hear a shout!
You hear an angry hiss.
You feel very mighty all of a sudden.
A gnoll comes into view. It is wielding a +0 halberd.
An orc priest comes into view. It is wielding a +0 dagger.
A gnoll comes into view. It is wielding a +0 spear.
The gnoll barely misses you.
You closely miss the gnoll.
The gnoll shouts!
Your grab misses the gnoll. The gnoll hits you with a +0 halberd!
The gnoll barely misses you.
You hit the gnoll. You grab the gnoll.
The gnoll is moderately wounded.
You constrict the gnoll.
An adder comes into view.
The gnoll misses you.
You impale the gnoll!!
You kill the gnoll!
The orc barely misses you.
The orc priest mumbles some strange prayers to Beogh against you.
Beogh smites you!
You hear a shout!
You puncture the orc!
You kill the orc!
The gnoll hits you from afar with a +0 spear!
* * * LOW HITPOINT WARNING * * *
Okay, then.
The gnoll attacks as it pursues you! The gnoll closely misses you.
The gnoll attacks as it pursues you! The gnoll barely misses you.
The gnoll attacks as it pursues you!
The gnoll hits you from afar with a +0 spear!
* * * LOW HITPOINT WARNING * * *
The gnoll attacks as it pursues you! The gnoll misses you.
There is a stone staircase leading down here.
The gnoll hits you from afar with a +0 spear!
You die...

...##.##
#.................#
## ...#...
#+#.###############
#. ...##.###
##.########## #.
.#..#+#.#
#..........# ##.
.##)....#
#..#######.######.#
.).)....# #..#
#......†..
.##.##..## #..#
#####..#.#
..#.####.#####.#.#
######.... #.#.#
##.....##@#
~$WW~S+..## .#.#
##.#.###.#
#######..## .#.#
#...###g# ##...##
.#.# #.....g.#
###### .#..
#..g##### # ##.## #
#.# # #)# #g#


You could see 2 gnolls.

Vanquished Creatures
  Sigmund (D:3)
  A gnoll (D:3)
  3 adders
  An orc (D:3)
  10 ball pythons
  6 bats
  6 endoplasms
  4 giant cockroaches
  10 goblins
  5 hobgoblins
  8 jackals
  3 quokkas (D:1)
  3 frilled lizards
  5 kobolds (D:1)
  3 rats
69 creatures vanquished.

Notes
Turn   | Place    | Note
-------+----------+-------------------------------------------
     0 | D:1      | Kurtz the Octopode Fighter began the quest for the Orb.
     0 | D:1      | Reached XP level 1. HP: 16/16 MP: 1/1
   265 | D:1      | Reached XP level 2. HP: 2/21 MP: 2/2
   590 | D:1      | Reached skill level 3 in Axes
   744 | D:1      | Reached XP level 3. HP: 26/26 MP: 3/3
   950 | D:1      | Found a faded altar of an unknown god.
  1592 | D:2      | Reached skill level 4 in Axes
  1675 | D:2      | Reached XP level 4. HP: 31/31 MP: 4/4
  2069 | D:3      | Found a runed translucent door.
  2093 | D:3      | Noticed randomguy2701's ghost (weakling GnWn)
  2126 | D:3      | Noticed Sigmund
  2134 | D:3      | Killed Sigmund
  2135 | D:3      | Reached skill level 6 in Axes
  2135 | D:3      | Reached XP level 5. HP: 20/36 MP: 5/5
  2135 | D:3      | Reached XP level 6. HP: 23/42 MP: 6/6
  2355 | D:3      | Slain by a gnoll

Illustrated notes

Levels and vault maps discovered:
D:1:      minmay_arrival_split_and_join, layout_basic,
          hellmonk_ecumenical_altar_prayer_group
D:2:      minmay_general_purpose_star, layout_rooms, st_stairs_5
D:3:      layout_loops_ring, ebering_ghost_sewer_d, hangedman_decor_push,
          minmay_joined_circles, uniq_grinder, uniq_sigmund

Skill      XL: |  1  2  3  4 |
---------------+-------------+-----
Axes           | 3 4 6 |  6.4
Fighting       | |  3.0
Dodging        | |  3.0
Shields        | |  3.0

Action                     |  1- 3 |  4- 6 || total
---------------------------+-------+-------++-------
  Melee: War axe           |    65 |     7 ||    72
         Constrict         |    20 |    14 ||    34
         Tentacles         |     6 |    13 ||    19
         Punch             |     1 |       ||     1
         Morningstar       |       |    41 ||    41
    Use: Potion            |       |     1 ||     1
   Stab: Sleeping          |     9 |       ||     9
 Armour: Skin              |    25 |    16 ||    41
  Dodge: Dodged            |    31 |    41 ||    72
  Block: Buckler           |    13 |     8 ||    21

Table legend: (Time is in decaauts)
 A = Elapsed time spent in this place.
 B = Non-inter-level travel time spent in this place.
 C = Inter-level travel time spent in this place.
 D = Time resting spent in this place.
 E = Time spent auto-exploring this place.
 F = Levels seen in this place.
 G = Mean time per level.
                   A        B        C        D        E       F      G
               +--------+--------+--------+--------+--------+-----+--------+
         Total |   2404 |   2225 |    179 |    304 |   1510 |   3 |  801.3 |
       Dungeon |   2404 |   2225 |    179 |    304 |   1510 |   3 |  801.3 |
               +--------+--------+--------+--------+--------+-----+--------+

Top non-repeatable levels by time:
     D:1: 1444 daAuts
     D:2: 646 daAuts
     D:3: 313 daAuts
